 Dungeon Crawl Stone Soup version 0.25.0-9-g26727b6 (webtiles) character file.

Game seed: 6254521784573387400

4992 shmeve the Cleaver (level 10, -20/139 HPs)
             Began as a Minotaur Berserker on June 22, 2020.
             Was a High Priest of Trog.
             Demolished by an ettin
             ... wielding a +0 dire flail
              (32 damage)
             ... on level 10 of the Dungeon.
             The game lasted 00:17:37 (9006 turns).

shmeve the Cleaver (Minotaur Berserker)             Turns: 9006, Time: 00:17:38

Health: -20/139    AC: 15    Str: 24    XL:     10   Next: 29%
Magic:  9/9        EV: 11    Int:  5    God:    Trog [*****.]
Gold:   592        SH:  0    Dex: 10    Spells: 9/9 levels left

rFire    . . .     SeeInvis .   J - +4 battleaxe (vorpal)
rCold    . . .     Gourm    .   (shield currently unavailable)
rNeg     . . .     Faith    .   o - +4 chain mail
rPois    .         Spirit   .   (helmet restricted)
rElec    .         Reflect  .   (no cloak)
rCorr    +         Harm     .   I - +0 pair of gloves
MR       .....                  (no boots)
Stlth    ..........             (no amulet)
HPRegen  0.33/turn              r - ring of resist corrosion
MPRegen  0.11/turn              (no ring)

@: berserking, very quick
A: retaliatory headbutt, horns 2
a: Berserk, Trog's Hand, Brothers in Arms, Renounce Religion


You were on level 10 of the Dungeon.
You worshipped Trog.
Trog was extremely pleased with you.
You were hungry.

You visited 2 branches of the dungeon, and saw 11 of its levels.

You collected 592 gold pieces.

Inventory:

Hand Weapons
 s - a +0 hunting sling
 G - a +0 war axe of flaming
 J - a +4 vorpal battleaxe (weapon)
Missiles
 p - 15 boomerangs (quivered)
 v - a throwing net
 E - 6 javelins
 K - 15 sling bullets
Armour
 o - a +4 chain mail (worn)
 I - a +0 pair of gloves (worn)
Jewellery
 r - a ring of resist corrosion (left hand)
 t - a +6 ring of strength {unknown}
 y - an uncursed ring of ice {unknown}
 D - an uncursed ring of protection from fire {unknown}
Wands
 w - a wand of random effects (22)
 H - a wand of disintegration (28)
Scrolls
 b - a scroll of magic mapping
 d - 2 scrolls of enchant armour
 h - 3 scrolls of teleportation
 i - 3 scrolls of remove curse
 j - a scroll of fog {unknown}
 m - 2 scrolls of identify
 q - 2 scrolls of noise {unknown}
 z - 2 scrolls of amnesia {unknown}
 C - a scroll of random uselessness {unknown}
 F - a scroll of enchant weapon {unknown}
 L - a scroll of holy word {unknown}
Potions
 e - 3 potions of curing {unknown}
 f - a potion of magic {unknown}
 g - 2 potions of degeneration {unknown}
 k - 3 potions of brilliance {unknown}
 l - 4 potions of might {unknown}
 n - 3 potions of heal wounds {unknown}
 u - a potion of haste {unknown}
 x - a potion of stabbing {unknown}
 A - a potion of flight {unknown}
 B - 3 potions of lignification {unknown}
 M - a potion of resistance {unknown}
Comestibles
 c - 22 rations


   Skills:
 * Level 9.9 Fighting
 * Level 10.0 Axes
 * Level 7.6(7.7) Slings
 - Level 1.5(4.6) Throwing
 + Level 6.9 Armour
 + Level 6.3 Dodging


You had 9 spell levels left.
You didn't know any spells.
Your spell library was empty.

Dungeon Overview and Level Annotations

Branches:
Dungeon (10/15)            Temple (1/1) D:4             Orc (0/2) D:9
   Lair: D:8-11

Altars:
Ashenzari
Hepliaklqana
Ru
Uskayaw
Vehumet
Wu Jian
Yredelemnul
The Shining One


Innate Abilities, Weirdness & Mutations

You reflexively headbutt those who attack you in melee.
You have a pair of horns on your head.


Message History

The ettin shouts in stereo!
You hit the ettin but do no damage.
The ettin hits you with a +0 dire flail!
The ettin hits you with a +0 dire flail!!
You slash the ettin!
The ettin is moderately wounded.
The ettin hits you with a +0 dire flail!!!
* * * LOW HITPOINT WARNING * * *
The ettin hits you but does no damage.
You barely miss the ettin.
You headbutt the ettin, but do no damage.
The ettin is moderately wounded.
The ettin closely misses you. The ettin hits you but does no damage.
A red film seems to cover your vision as you go berserk!
You feel yourself moving faster!
You feel mighty!
You are feeling hungry.
The ettin hits you with a +0 dire flail!
* * * LOW HITPOINT WARNING * * *
The ettin hits you with a +0 dire flail!!
You die...

#######.>.# #.......#.# ##
#.#####...# .# #####.# ##.## ###
.######.....# #.############.#
....).......######รท..............
.######.##>.#..........######.#..
.# #.#.....#####..............
.######.#...###.@C##...######....
............##.###.#...# #..#..
.###.........'.# .#...#####.#.#.
.# #.##.##..##.# .#............#
.# #.##.##...##.. ##...#####.....
.# #.##.##..#.#####....# #.#### .#
#.##.##........#....# #.####
.###.#...#.##.###.<....# #.....
...........##.###......#####.####


You could see an ettin.

Vanquished Creatures
  The ghost of Klatu the Firebug, a novice CeWz of Okawaru (D:6)
  Grinder (D:6)
  A hippogriff (D:10)
  Sigmund (D:2)
  A hungry ghost (D:9)
  Edmund (D:5)
  2 wargs (D:9)
  2 ice beasts (D:6)
  2 orc warriors
  2 sky beasts
  2 black bears
  3 ogres
  A phantom (D:7)
  A centaur (D:8)
  A big kobold (D:10)
  7 bullfrogs
  A wyvern zombie (D:8)
  2 scorpions
  4 killer bees (D:10)
  A crimson imp (D:8)
  2 bullfrog zombies (D:5)
  5 hounds
  10 orc priests
  5 jellies
  A centaur skeleton (D:7)
  A bullfrog skeleton (D:8)
  An iguana (D:4)
  Terence (D:3)
  11 orc wizards
  5 worker ants
  A bullfrog simulacrum (D:6)
  A hound zombie (D:9)
  2 hound skeletons
  A worker ant zombie (D:8)
  A killer bee simulacrum (D:6)
  7 adders
  A howler monkey skeleton (D:9)
  A shadow imp (D:6)
  2 white imps
  5 oozes (D:8)
  A worm (D:3)
  4 dart slugs
  2 leopard geckos
  47 orcs
  7 giant cockroaches
  5 goblins
  5 hobgoblins
  8 jackals
  6 quokkas
  4 bats
  8 frilled lizards
  A jackal skeleton (D:6)
  12 kobolds
  A leopard gecko simulacrum (D:6)
  4 quokka skeletons
  7 rats
223 creatures vanquished.

Vanquished Creatures (others)
  An orc wizard (D:7)
1 creature vanquished.

Grand Total: 224 creatures vanquished

Notes
Turn   | Place    | Note
-------+----------+-------------------------------------------
     0 | D:1      | shmeve the Minotaur Berserker began the quest for the Orb.
     0 | D:1      | Reached XP level 1. HP: 19/19 MP: 0/0
   190 | D:1      | Reached XP level 2. HP: 27/27 MP: 1/1
   278 | D:1      | Reached skill level 4 in Axes
   740 | D:1      | Reached ** piety under Trog
  1288 | D:2      | Reached XP level 3. HP: 33/33 MP: 2/2
  1510 | D:2      | Noticed Sigmund
  1516 | D:2      | Killed Sigmund
  1516 | D:2      | Reached skill level 5 in Fighting
  1516 | D:2      | Reached skill level 5 in Axes
  1516 | D:2      | Reached skill level 1 in Throwing
  1516 | D:2      | Reached XP level 4. HP: 37/42 MP: 3/3
  1516 | D:2      | Reached XP level 5. HP: 43/48 MP: 4/4
  2221 | D:3      | Noticed Terence
  2236 | D:3      | Killed Terence
  2324 | D:3      | Reached XP level 6. HP: 56/56 MP: 5/5
  2329 | D:3      | Reached *** piety under Trog
  2329 | D:3      | Reached skill level 1 in Slings
  2580 | D:3      | Found a hide-covered altar of Uskayaw.
  2583 | D:3      | Found a radiant altar of Vehumet.
  2586 | D:3      | Found a hazy altar of Hepliaklqana.
  2594 | D:3      | Found an ornate altar of the Wu Jian Council.
  3411 | D:4      | Found a staircase to the Ecumenical Temple.
  3417 | Temple   | Entered the Ecumenical Temple
  3480 | D:4      | Reached skill level 6 in Axes
  3480 | D:4      | Reached XP level 7. HP: 62/62 MP: 6/6
  3571 | D:5      | Entered Level 5 of the Dungeon
  3617 | D:5      | Noticed Edmund
  3638 | D:5      | Killed Edmund
  4432 | D:6      | Reached XP level 8. HP: 64/71 MP: 7/7
  4504 | D:6      | Reached **** piety under Trog
  4504 | D:6      | Reached skill level 7 in Axes
  4711 | D:6      | Found a runed translucent gate.
  4711 | D:6      | Found a runed translucent gate.
  4713 | D:6      | Found a runed translucent gate.
  4766 | D:6      | Noticed Klatu's ghost (novice CeWz)
  4776 | D:6      | Reached skill level 5 in Armour
  4778 | D:6      | Killed Klatu's ghost
  4778 | D:6      | Reached skill level 8 in Axes
  4778 | D:6      | Reached skill level 5 in Slings
  4778 | D:6      | Reached skill level 5 in Dodging
  5057 | D:6      | Noticed Grinder
  5066 | D:6      | Killed Grinder
  5066 | D:6      | Reached XP level 9. HP: 81/81 MP: 8/8
  6312 | D:8      | Reached skill level 9 in Axes
  7586 | D:9      | Reached ***** piety under Trog
  7609 | D:9      | Found a staircase to the Orcish Mines.
  7616 | D:9      | Reached XP level 10. HP: 39/91 MP: 9/9
  8156 | D:9      | Received a gift from Trog
  8416 | D:10     | Entered Level 10 of the Dungeon
  8969 | D:10     | Reached skill level 10 in Axes
  9001 | D:10     | Noticed an ettin
  9006 | D:10     | Demolished by an ettin

Illustrated notes

Levels and vault maps discovered:
D:1:      dpeg_arrival_signposts, layout_loops_ring,
          chequers_serial_rivers_room_a, kennysheep_pointless_box
D:2:      layout_loops_ring, uniq_sigmund
D:3:      layout_basic, grunt_temple_overflow_cloverleaf, first_ration,
          minmay_crystal_water, hangedman_abyss_or_decor_stabs,
          minmay_misc_feat_four_crosses, skrybe_limestone_x, uniq_terence
D:4:      layout_rooms, minmay_temple_entry_enclosed_plants, chequers_avenue
D:5:      wander_river, layout_gridville, serial_bayou_pond_e, uniq_edmund
D:6:      layout_basic, gammafunk_ghost_icy, uniq_grinder
D:7:      layout_rooms
D:8:      layout_loops_corners, hangedman_little_slice_of_home,
          minmay_fire_ice_demons
D:9:      layout_cross, erik_orc_4
D:10:     layout_loops_ring, ebering_ghost_rock_garden, kennysheep_just_a_vault
Temple:   regret_index_temple_mists

Skill      XL: |  1  2  3  4  5  6  7  8  9 10 |
---------------+-------------------------------+-----
Axes           | 4 5 6 8 9 10 | 10.0
Fighting       | 4 5 6 8 9 |  9.9
Throwing       | 1 |  1.5
Armour         | 3 4 5 6 |  6.9
Dodging        | 3 4 5 6 |  6.3
Slings         | 2 3 5 7 |  7.6

Action                   |  1- 3 |  4- 6 |  7- 9 | 10-12 || total
-------------------------+-------+-------+-------+-------++-------
Melee: Hand axe          |    67 |   107 |   163 |       ||   337
       Headbutt          |     9 |    16 |    40 |     9 ||    74
       War axe           |       |       |    80 |    19 ||    99
       Battleaxe         |       |       |       |    45 ||    45
 Fire: Hunting sling     |       |       |    16 |    37 ||    53
Throw: Boomerang         |       |    15 |    17 |       ||    32
Invok: Berserk           |     2 |     3 |     8 |     1 ||    14
       Trog's Hand       |       |     1 |     3 |       ||     4
  Use: Scroll            |       |     3 |     2 |       ||     5
  Eat: Chunk             |     3 |    10 |    19 |     5 ||    37
       Ration            |       |       |     1 |       ||     1
Armor: Animal skin       |     1 |       |       |       ||     1
       Chain mail        |    25 |    51 |   135 |    49 ||   260
Dodge: Dodged            |    33 |    57 |   128 |    36 ||   254
